 Dungeon Crawl Stone Soup version 0.31-a0-188-g5e087ee2ca (webtiles) character file.

Game seed: 15844879971749617763

469 qw the Skirmisher (level 6, -11/36 HPs)
             Began as a Deep Elf Hunter on June 23, 2023.
             Was an Initiate of Okawaru.
             Mangled by a yak (12 damage)
             ... on level 4 of the Dungeon.
             The game lasted 00:00:52 (2409 turns).

qw the Skirmisher (Deep Elf Hunter)                 Turns: 2409, Time: 00:00:52

Health: -11/36     AC:  6    Str: 10    XL:     6   Next: 82%
Magic:  8/8        EV: 12    Int: 14    God:    Okawaru [......]
Gold:   152        SH:  0    Dex: 24    Spells: 5/5 levels left

rFire   + . .        n - +0 shortbow (heavy)
rCold   . . .        (shield currently unavailable)
rNeg    . . .        b - +0 ring mail
rPois   +            (helmet restricted)
rElec   .            (no cloak)
rCorr   .            (no gloves)
SInv    .            k - +0 pair of boots
Will    .....        (no amulet)
Stlth   ++           q - ring of poison resistance
HPRegen 0.26/turn    d - +6 ring of dexterity
MPRegen 0.11/turn

%: clarity
@: about to teleport
A: horns 1, clarity, fire resistance 1
a: Renounce Religion


You were on level 4 of the Dungeon.
You worshipped Okawaru.
Okawaru was noncommittal.
You visited 2 branches of the dungeon, and saw 5 of its levels.

You collected 152 gold pieces.


Innate Abilities, Weirdness & Mutations

You have a pair of small horns on your head.
You possess an exceptional clarity of mind.
Your flesh is heat resistant. (rF+)


   Skills:
 - Level 2.6 Fighting
 - Level 10.0 Ranged Weapons
 + Level 0.0 Armour
 - Level 3.0 Dodging
 - Level 1.2 Stealth


You had 5 spell levels left.
You didn't know any spells.
Your spell library was empty.

Inventory:

Hand Weapons
 n - a +0 heavy shortbow (weapon)
Armour
 b - a +0 ring mail (worn)
 k - a +0 pair of boots (worn)
Jewellery
 d - a +6 ring of dexterity (right hand)
 q - a ring of poison resistance (left hand)
 Y - a ring of see invisible
Scrolls
 i - a scroll of brand weapon
Potions
 c - a potion of berserk rage {unknown}
 e - a potion of ambrosia {unknown}
 f - a potion of attraction {unknown}
 h - a potion of degeneration {unknown}
 j - a potion of brilliance {unknown}
 l - a potion of resistance
 m - a potion of mutation
 o - a potion of curing {unknown}
 p - a potion of magic {unknown}
 r - a potion of haste {unknown}

Dungeon Overview and Level Annotations

Branches:
Dungeon (4/15)             Temple (1/1) D:4

Altars:
Ashenzari
Cheibriados
Elyvilon
Gozag
Kikubaaqudgha
Makhleb
Nemelex Xobeh
Okawaru
Qazlal
Ru
Trog
Vehumet
Xom
Zin


Message History

The jackal barks!
The arrow hits the yak.
The yak is lightly wounded.
A jackal comes into view.
You shoot an arrow. The jackal barks!
The arrow hits the yak but does no damage.
The yak is lightly wounded.
An adder comes into view.
A yak comes into view.
You shoot an arrow.
The arrow hits the yak but does no damage.
The yak is lightly wounded.
A jackal comes into view.
You shoot an arrow. The arrow closely misses the yak.
The jackal barks!
The arrow hits the dart slug!
You kill the dart slug!
Okawaru accepts your kill. The jackal closely misses you.
A yak comes into view.
The yak gores you. The jackal barely misses you. The yak barely misses you.
You shoot an arrow. The arrow hits the yak.
The yak is moderately wounded.
The jackal bites you but does no damage.
The jackal bites you. The jackal closely misses you. The yak gores you!
The yak barely misses you.
The jackal bites you but does no damage.
You shoot an arrow. The arrow hits the yak.
The yak is moderately wounded.
The jackal barely misses you. The yak closely misses you. The yak gores you.
The jackal closely misses you. The jackal barely misses you.
The jackal bites you but does no damage.
The yak closely misses you. The yak gores you! The jackal barely misses you.
2409 ||| READING scroll of teleportation.
As you read the scroll of teleportation, it crumbles to dust.
You feel strangely unstable. The jackal closely misses you.
The jackal bites you. The adder bites you but does no damage.
The jackal barely misses you. The yak gores you!
You die...

... #..##....##.#.......
...##.....##....#.##....
.......#.....#.......###
#.....#.##..#.##.##.# #
##...................#..
........#...............
................... ....
7.7...hhS..#####... ..
.....Yh@...# ### #
7.7...YYY......
...............
7.7....%........
...#....#.......
...#............ ..
#...........
#...........


You could see 4 yaks, an adder and 3 jackals.

Vanquished Creatures
  A yak (D:4)
  A phantom (D:4)
  An iguana (D:4)
  Natasha (thrice) (D:2)
  4 gnolls (D:2)
  4 adders
  A shadow imp (D:3)
  A worm (D:2)
  3 dart slugs
  2 orcs (D:3)
  4 ball pythons
  4 bats
  9 endoplasms
  4 giant cockroaches
  3 goblins
  5 hobgoblins
  5 kobolds
  3 quokkas
  3 frilled lizards (D:1)
  7 rats
68 creatures vanquished.

Notes
Turn   | Place    | Note
-------+----------+-------------------------------------------
     0 | D:1      | qw the Deep Elf Hunter began the quest for the Orb.
     0 | D:1      | Reached XP level 1. HP: 12/12 MP: 3/3
     0 | D:1      | 0 ||| qw: Version: 0.3-a-9-g12657ce
     0 | D:1      | 0 ||| qw: Game counter: 3409
     0 | D:1      | 0 ||| qw: Always use a shield: true
     0 | D:1      | 0 ||| qw: God list: Okawaru
     0 | D:1      | 0 ||| qw: Allow faded altars: false
     0 | D:1      | 0 ||| qw: Do Orc after D:15 true
     0 | D:1      | 0 ||| qw: Do second Lair branch before Depths: true
     0 | D:1      | 0 ||| qw: Lair rune preference: random
     0 | D:1      | 0 ||| qw: Plans: Normal
     0 | D:1      | 0 ||| PLANNING D:1-11
   151 | D:1      | Reached XP level 2. HP: 16/16 MP: 4/4
   165 | D:1      | Reached skill level 6 in Ranged Weapons
   636 | D:1      | 636 ||| UPGRADING to ring of see invisible.
   637 | D:1      | 637 ||| READING scroll labelled QESMOIRELA.
   638 | D:1      | 638 ||| READING scroll labelled USULEXKENKIDU.
   639 | D:1      | 639 ||| READING scroll labelled COETESHR XAHE.
   644 | D:1      | 644 ||| READING 3 scrolls labelled QUCAKA IXOEHELALL.
   645 | D:1      | 645 ||| READING 2 scrolls of brand weapon.
   645 | D:1      | 645 ||| BRANDING +0 shortbow of draining.
   646 | D:1      | 646 ||| DROPPING scroll of butterflies.
   662 | D:2      | 662 ||| STAIRDANCE
   726 | D:2      | Noticed Natasha
   728 | D:2      | Killed Natasha
   729 | D:2      | Reached skill level 7 in Ranged Weapons
   729 | D:2      | Reached XP level 3. HP: 8/20 MP: 5/5
   771 | D:2      | 771 ||| FLEEEEING.
   772 | D:2      | 772 ||| FLEEEEING.
   865 | D:2      | Reached XP level 4. HP: 25/25 MP: 6/6
   878 | D:2      | Reached skill level 8 in Ranged Weapons
  1018 | D:2      | Noticed Natasha
  1020 | D:2      | Killed Natasha
  1020 | D:2      | Noticed Natasha
  1021 | D:2      | Reached XP level 5. HP: 29/29 MP: 7/7
  1022 | D:2      | Killed Natasha
  1097 | D:2      | Found an opulent altar of Gozag.
  1156 | D:2      | 1156 ||| UPGRADING to +0 ring mail.
  1166 | D:2      | 1166 ||| DROPPING +0 leather armour.
  1167 | D:2      | 1167 ||| UPGRADING to +0 pair of boots.
  1172 | D:2      | 1172 ||| UPGRADING to +6 ring of dexterity.
  1173 | D:2      | 1173 ||| DRINKING 2 smoky cyan potions.
  1478 | D:3      | Reached skill level 3 in Dodging
  1654 | D:3      | Reached skill level 9 in Ranged Weapons
  2066 | D:3      | 2066 ||| READING scroll labelled UHOOX PUMIRADI.
  2067 | D:3      | 2067 ||| DRINKING 2 fizzy clear potions.
  2067 | D:3      | Gained mutation: You possess an exceptional clarity of
                  | mind. [potion of mutation]
  2067 | D:3      | Gained mutation: Your flesh is heat resistant. (rF+)
                  | [potion of mutation]
  2067 | D:3      | Gained mutation: You have a pair of small horns on your
                  | head. [potion of mutation]
  2190 | D:4      | Noticed a phantom
  2202 | D:4      | Killed a phantom
  2203 | D:4      | Reached XP level 6. HP: 22/36 MP: 8/8
  2260 | D:4      | Found a staircase to the Ecumenical Temple.
  2261 | D:4      | 2261 ||| PLANNING TEMPLE
  2261 | D:4      | 2261 ||| UPGRADING to ring of poison resistance.
  2268 | Temple   | Entered the Ecumenical Temple
  2319 | Temple   | 2319 ||| PLANNING OKAWARU WORSHIP
  2361 | Temple   | Became a worshipper of Warmaster Okawaru
  2362 | Temple   | 2362 ||| PLANNING D:1-11
  2399 | D:4      | Noticed a yak
  2401 | D:4      | Noticed a yak
  2402 | D:4      | Killed a yak
  2402 | D:4      | Noticed a yak
  2403 | D:4      | Reached skill level 10 in Ranged Weapons
  2404 | D:4      | Noticed a yak
  2406 | D:4      | Noticed a yak
  2408 | D:4      | HP: 2/36 [yak (10)]
  2409 | D:4      | 2409 ||| READING scroll of teleportation.
  2409 | D:4      | Mangled by a yak

Levels and vault maps discovered:
D:1:      heliophobic_arrival_glass_houses, layout_basic, patterned_corridor
D:2:      layout_rooms, basic_altar, minmay_octomino_j4, uniq_natasha
D:3:      layout_basic
D:4:      layout_basic, minmay_temple_entry_ruins, serial_forest,
          infiniplex_forest_lined_room_2, infiniplex_forest_lined_corner,
          infiniplex_forest_lined_2, infiniplex_forest_lined_4_way,
          infiniplex_forest_clump_large, infiniplex_forest_lined_4_way,
          infiniplex_forest_lined_3_way
Temple:   compressed_dpeg_circular_temple

Skill      XL: |  1  2  3  4  5  6 |
---------------+-------------------+-----
Ranged Weapons | 7 8 9 10 | 10.0
Dodging        | 3 |  3.0
Fighting       | 2 |  2.6
Stealth        | |  1.2

Action                     |  1- 3 |  4- 6 || total
---------------------------+-------+-------++-------
   Fire: Shortbow          |    62 |    89 ||   151
    Use: Scroll            |     5 |     2 ||     7
         Potion            |       |     2 ||     2
 Armour: Leather armour    |     1 |     2 ||     3
         Ring mail         |       |    16 ||    16
  Dodge: Dodged            |    14 |    33 ||    47

Table legend:
 A = Non-vault XP
 B = Vault XP
 C = Vault XP percentage of total XP
 D = Non-vault monster count
 E = Vault monster count
 F = Vault count percentage of total count
                 A         B        C        D         E       F
            +---------+---------+-------+---------+---------+-------
      Total |     632 |      38 |   5.7 |      65 |       3 |   4.4
            +---------+---------+-------+---------+---------+-------
        D:1 |      28 |       0 |   0.0 |      19 |       0 |   0.0
        D:2 |     194 |      38 |  16.4 |      26 |       3 |  10.3
        D:3 |      64 |       0 |   0.0 |      16 |       0 |   0.0
        D:4 |     346 |       0 |   0.0 |       4 |       0 |   0.0
            +---------+---------+-------+---------+---------+-------
